 Dungeon Crawl Stone Soup version 0.23.2-1-ga50397a (webtiles) character file.

Game seed: 4614223788836276033

13459 whitewolfNL the Grappler (level 11, -7/105 HPs)
             Began as a Troll Berserker on Apr 30, 2019.
             Was a High Priest of Trog.
             Mangled by a purple ugly thing (13 damage)
             ... on level 13 of the Dungeon.
             The game lasted 00:52:48 (9895 turns).

whitewolfNL the Grappler (Troll Berserker)          Turns: 9895, Time: 00:52:49

Health: -7/105     AC:  6    Str: 27    XL:     11   Next: 75%
Magic:  12/12      EV: 13    Int:  3    God:    Trog [*****.]
Gold:   526        SH:  0    Dex: 12    Spells: 10/10 levels left

rFire    . . .     SeeInvis .     - Unarmed
rCold    . . .     Gourm    +   (no shield)
rNeg     . . .     Faith    +   z - +0 robe (curse)
rPois    .         Spirit   .   (helmet restricted)
rElec    .         Reflect  .   (no cloak)
rCorr    .         Harm     .   (gloves unavailable)
MR       .....                  (boots unavailable)
Stlth    ++........             r - amulet of faith
HPRegen  0.67/turn              G - ring of flight
MPRegen  0.13/turn              (no ring)

@: about to teleport, berserk cooldown, slowed, lightly drained, very slow
A: large, unfitting armour, claws 3, fast metabolism 3, gourmand, regeneration
1, shaggy fur 1, tough skin 3
a: Berserk, Trog's Hand, Brothers in Arms, Renounce Religion, Evoke Flight


You were on level 13 of the Dungeon.
You worshipped Trog.
Trog was extremely pleased with you.
You were not hungry.

You visited 1 branch of the dungeon, and saw 13 of its levels.

You collected 661 gold pieces.
You spent 135 gold pieces at shops.

Inventory:

Hand Weapons
 f - a +2 shortbow of flaming
 h - a +2 quarterstaff of draining
 q - a +0 blowgun
 y - a +1 trident of piercing
 H - a +4 antimagic dire flail
Missiles
 a - 59 bolts
 l - 19 curare-tipped needles
 m - 10 large rocks
 n - 237 arrows
 t - 90 poisoned needles
 u - 6 tomahawks (quivered)
 C - 6 tomahawks of dispersal
Armour
 z - a cursed +0 robe (worn)
 K - a +0 robe of fire resistance
Jewellery
 r - an amulet of faith (around neck)
 G - a ring of flight (left claw)
Wands
 e - a wand of acid (9)
 j - a wand of flame (40)
 x - a wand of iceblast (18)
 F - a wand of disintegration (9)
Scrolls
 c - 2 scrolls of enchant weapon
 k - 5 scrolls of magic mapping
 p - a scroll of fog
 w - 2 scrolls of enchant armour
 D - a scroll of vulnerability {unknown}
Potions
 d - a potion of ambrosia
 g - 6 potions of agility
 i - a potion of lignification {unknown}
 o - a potion of brilliance {unknown}
 s - 2 potions of curing
 v - a potion of haste
 A - a potion of might {unknown}
 B - 2 potions of degeneration {unknown}
 E - a potion of invisibility {unknown}
 I - a potion of cancellation {unknown}
 J - a potion of flight {unknown}
Comestibles
 b - 15 rations


   Skills:
 * Level 6.0(5.4) Fighting
 + Level 1.2(0.7) Staves
 * Level 5.3(4.8) Throwing
 * Level 7.1(6.6) Dodging
 - Level 2.0(1.5) Stealth
 * Level 13.4(12.8) Unarmed Combat
 * Level 3.4(2.9) Evocations


You had 10 spell levels left.
You didn't know any spells.
Your spell library was empty.

Dungeon Overview and Level Annotations

Branches:
Dungeon (13/15)            Temple (0/1) D:7            Lair (0/6) D:11
    Orc (0/2) D:11
 Vaults: D:13-14

Altars:
Cheibriados
Okawaru
Ru
Trog
Vehumet

Shops:
D:11 *


Innate Abilities, Weirdness & Mutations

You are too large for most types of armour.
You have claws for hands.
Your metabolism is lightning-fast.
You like to eat raw meat.
Your natural rate of healing is unusually fast.
You are covered in fur. (AC +1)
You have extremely tough skin. (AC +3)


Message History

You feel drained. The wight freezes you.
The purple ugly thing trunk-slaps you!!
You closely miss the purple ugly thing. Your claw misses the purple ugly thing.
The purple ugly thing is heavily wounded.
The purple ugly thing trunk-slaps you!
* * * LOW HITPOINT WARNING * * *
The wight completely misses you.
You barely miss the purple ugly thing.
The purple ugly thing is heavily wounded.
The purple ugly thing trunk-slaps you!
* * * LOW HITPOINT WARNING * * *
The wight barely misses you.
You scratch the purple ugly thing but do no damage.
The purple ugly thing is heavily wounded.
The purple ugly thing trunk-slaps you!
* * * LOW HITPOINT WARNING * * *
The wight closely misses you.
As you read the scroll of teleportation, it crumbles to dust.
You feel strangely unstable. The purple ugly thing trunk-slaps you!
You die...

......[....
.........# #......$.#
#.?......# #........#
.#########........#
............)z....###
.............@u......
.............(.......
......).....####..###
.........)).# .#
...........^# #
.........<..#
..|.........#
#############


You could see a purple ugly thing and a wight.

Vanquished Creatures
  Josephine (D:10)
  Harold (D:10)
  A two-headed ogre (D:12)
  The ghost of Tiareth the Thaumaturge, a journeyman DEWz of Cheibriados (D:10)
  A fire crab (D:12)
  An ugly thing (D:12)
  A cyclops (D:12)
  A komodo dragon (D:12)
  The ghost of MovingMist the Shield-Bearer, a novice GrFi of Okawaru (D:5)
  A troll (D:12)
  A hippogriff (D:10)
  6 wraiths (D:10)
  A spriggan (D:9)
  2 shadows (D:12)
  6 yaks
  A hungry ghost (D:12)
  Sigmund (D:5)
  2 vampire mosquitoes (D:12)
  5 ice beasts
  2 black bears
  2 orc warriors
  2 sky beasts
  An eye of draining (D:10)
  2 phantoms (D:12)
  6 ogres
  3 centaurs
  Blork the orc (D:5)
  6 bullfrogs
  A big kobold (D:10)
  3 scorpions
  11 killer bees (D:10)
  3 wights (D:13)
  2 howler monkeys
  5 crimson imps
  2 bullfrog zombies
  A quasit (D:10)
  3 jellies
  2 centaur zombies
  6 hounds
  2 bullfrog skeletons
  A gnoll shaman (D:7)
  5 orc priests
  2 centaur skeletons
  3 iguanas
  15 orc wizards
  9 worker ants
  2 worker ant zombies
  4 gnolls (D:7)
  12 adders
  3 shadow imps
  An ooze (D:5)
  2 adder skeletons
  2 adder zombies
  A worm (D:3)
  3 dart slugs
  2 leopard geckos
  35 orcs
  2 ball pythons
  6 giant cockroaches
  12 goblins
  10 hobgoblins
  2 jackals (D:6)
  11 kobolds
  3 quokkas
  8 bats
  4 frilled lizards
  2 quokka skeletons
  2 rats
265 creatures vanquished.

Vanquished Creatures (others)
  A demonic plant (D:11)
1 creature vanquished.

Grand Total: 266 creatures vanquished

Notes
Turn   | Place    | Note
-------+----------+-------------------------------------------
     0 | D:1      | whitewolfNL the Troll Berserker began the quest for the
                  | Orb.
     0 | D:1      | Reached XP level 1. HP: 22/22 MP: 0/0
   107 | D:1      | Reached XP level 2. HP: 29/29 MP: 1/1
   639 | D:2      | Reached XP level 3. HP: 36/36 MP: 2/2
   744 | D:2      | Reached ** piety under Trog
   776 | D:2      | Reached XP level 4. HP: 44/44 MP: 3/3
  2217 | D:4      | Reached skill level 1 in Throwing
  2217 | D:4      | Reached skill level 4 in Unarmed Combat
  2217 | D:4      | Reached XP level 5. HP: 47/52 MP: 4/4
  2548 | D:4      | Reached skill level 1 in Stealth
  2551 | D:4      | Reached XP level 6. HP: 61/61 MP: 5/5
  2553 | D:4      | Reached *** piety under Trog
  2747 | D:4      | Reached skill level 5 in Unarmed Combat
  2841 | D:4      | Found a snail-covered altar of Cheibriados.
  3008 | D:5      | Entered Level 5 of the Dungeon
  3077 | D:5      | Noticed Blork the orc
  3099 | D:5      | Killed Blork the orc
  3176 | D:5      | Found a runed translucent door.
  3182 | D:5      | Noticed MovingMist's ghost (novice GrFi)
  3188 | D:5      | Reached XP level 7. HP: 67/67 MP: 6/6
  3202 | D:5      | Killed MovingMist's ghost
  3202 | D:5      | Reached skill level 6 in Unarmed Combat
  3299 | D:5      | Noticed Sigmund
  3311 | D:5      | Killed Sigmund
  3311 | D:5      | Reached skill level 7 in Unarmed Combat
  3311 | D:5      | Reached XP level 8. HP: 63/76 MP: 7/7
  3722 | D:6      | Reached **** piety under Trog
  3797 | D:6      | Reached skill level 8 in Unarmed Combat
  4999 | D:7      | Reached skill level 9 in Unarmed Combat
  4999 | D:7      | Reached XP level 9. HP: 73/84 MP: 8/8
  5060 | D:7      | Reached ***** piety under Trog
  5193 | D:7      | Received a gift from Trog
  5311 | D:7      | Found a staircase to the Ecumenical Temple.
  5633 | D:8      | Reached skill level 1 in Evocations
  5986 | D:8      | Found a sacrificial altar of Ru.
  6130 | D:8      | Found a radiant altar of Vehumet.
  6130 | D:8      | Found an iron altar of Okawaru.
  6130 | D:8      | Found a bloodstained altar of Trog.
  6131 | D:8      | Found a sacrificial altar of Ru.
  6559 | D:9      | Reached skill level 10 in Unarmed Combat
  6672 | D:9      | Reached skill level 5 in Dodging
  7185 | D:10     | Entered Level 10 of the Dungeon
  7185 | D:10     | Noticed Josephine
  7292 | D:10     | Killed Josephine
  7292 | D:10     | Reached skill level 11 in Unarmed Combat
  7292 | D:10     | Reached XP level 10. HP: 70/94 MP: 10/10
  7365 | D:10     | Received a gift from Trog
  7474 | D:11     | Found a staircase to the Orcish Mines.
  7485 | D:11     | Found Berch's General Store.
  7485 | D:11     | Found a staircase to the Lair.
  7492 | D:11     | Bought a scroll of identify for 30 gold pieces
  7492 | D:11     | Bought a potion of curing for 45 gold pieces
  7492 | D:11     | Bought 2 scrolls of identify for 60 gold pieces
  7648 | D:10     | Noticed Harold
  7663 | D:10     | Killed Harold
  7663 | D:10     | Reached skill level 5 in Fighting
  7831 | D:10     | Reached skill level 1 in Staves
  8165 | D:10     | Found a large runed translucent door.
  8165 | D:10     | Found a large runed translucent door.
  8167 | D:10     | Noticed Tiareth's ghost (journeyman DEWz)
  8210 | D:10     | Killed Tiareth's ghost
  8210 | D:10     | Reached skill level 12 in Unarmed Combat
  8286 | D:10     | Paralysed by fainting for 5 turns
  8406 | D:10     | Reached XP level 11. HP: 94/104 MP: 12/12
  8751 | D:11     | Received a gift from Trog
  8777 | D:11     | Noticed a sun demon
  8824 | D:12     | Reached skill level 5 in Throwing
  9116 | D:12     | Noticed a fire crab
  9131 | D:12     | Killed a fire crab
  9191 | D:12     | Noticed a brown ugly thing
  9198 | D:12     | Killed a brown ugly thing
  9269 | D:12     | Reached skill level 13 in Unarmed Combat
  9367 | D:12     | Noticed a two-headed ogre
  9378 | D:12     | Killed a two-headed ogre
  9883 | D:13     | Noticed a purple ugly thing
  9894 | D:13     | HP: 5/105 [purple ugly thing (17)]
  9895 | D:13     | Mangled by a purple ugly thing

Skill      XL: |  1  2  3  4  5  6  7  8  9 10 11 |
---------------+----------------------------------+-----
Dodging        | 3 4 5 6 7 |  7.1
Throwing       | 1 2 3 4 5 |  5.3
Unarmed Combat | 4 5 7 9 11 12 13 | 13.4
Fighting       | 3 4 5 6 |  6.0
Stealth        | 1 2 |  2.0
Evocations     | 1 2 3 |  3.4
Staves         | 1 |  1.2

Action                   |  1- 3 |  4- 6 |  7- 9 | 10-12 || total
-------------------------+-------+-------+-------+-------++-------
Melee: Unarmed           |    66 |   110 |   293 |   312 ||   781
       Punch             |     2 |     1 |    13 |    16 ||    32
       Quarterstaff      |       |       |       |    23 ||    23
       Dire flail        |       |       |       |     4 ||     4
Invok: Berserk           |     2 |     3 |    10 |    19 ||    34
       Trog's Hand       |       |       |       |     1 ||     1
Evoke: Wand              |       |       |       |     5 ||     5
  Use: Scroll            |       |     6 |     7 |    13 ||    26
       Potion            |       |       |       |     8 ||     8
 Stab: Sleeping          |       |     2 |       |       ||     2
  Eat: Chunk             |    13 |    25 |    43 |    22 ||   103
       Ration            |       |       |       |     6 ||     6
Armor: Animal skin       |    33 |    27 |       |       ||    60
       Robe              |       |    20 |    60 |    90 ||   170
Dodge: Dodged            |    39 |    48 |   122 |   260 ||   469
